 Dungeon Crawl Stone Soup version 0.25.0-26-g0c896c7088 (webtiles) character file.

Game seed: 12561940194904017575

680 thecaretaker the Carver (level 7, -5/56 HPs)
             Began as a Barachi Fighter on July 4, 2020.
             Killed by divine providence
             ... invoked by an orc priest
              (10 damage)
             ... on level 4 of the Dungeon.
             The game lasted 00:07:55 (4123 turns).

thecaretaker the Carver (Barachi Fighter)           Turns: 4123, Time: 00:07:55

Health: -5/56      AC: 11    Str: 19    XL:     7   Next: 60%
Magic:  7/7        EV:  7    Int:  8    God:
Gold:   131        SH:  9    Dex: 12    Spells: 6/6 levels left

rFire    . . .     SeeInvis .   a - +0 long sword
rCold    + . .     Gourm    .   c - +0 kite shield
rNeg     . . .     Faith    .   q - +3 scale mail {rC+}
rPois    .         Spirit   .   (no helmet)
rElec    .         Reflect  .   o - +0 cloak
rCorr    +         Harm     .   (no gloves)
MR       .....                  (no boots)
Stlth    ..........             (no amulet)
HPRegen  0.18/turn              j - ring of resist corrosion
MPRegen  0.10/turn              (no ring)

@: slow
A: +LOS, swims, slowness 1, strong legs 1
a: Hop


You were on level 4 of the Dungeon.
You were not hungry.

You visited 1 branch of the dungeon, and saw 4 of its levels.
You also visited: Sewer.

You collected 131 gold pieces.

Inventory:

Hand Weapons
 a - a +0 long sword (weapon)
 n - a +1 dagger of draining
Missiles
 u - a throwing net (quivered)
Armour
 c - a +0 kite shield (worn)
 o - a +0 cloak (worn)
 q - a +3 scale mail of cold resistance (worn)
Jewellery
 j - a ring of resist corrosion (left hand)
Wands
 s - a wand of disintegration (8)
Scrolls
 g - 4 scrolls of identify
 h - 2 scrolls of immolation
 i - 5 scrolls of teleportation
 p - 3 scrolls of fear {unknown}
 t - a scroll of blinking {unknown}
 v - a scroll of fog {unknown}
Potions
 d - 2 potions of might
 e - a potion of mutation {unknown}
 k - 6 potions of curing {unknown}
 l - a potion of flight {unknown}
 m - 2 potions of resistance {unknown}
 r - a potion of heal wounds {unknown}
Comestibles
 f - 9 rations


   Skills:
 - Level 5.2 Fighting
 - Level 8.5 Long Blades
 - Level 3.6 Armour
 + Level 4.5 Shields


You had 6 spell levels left.
You didn't know any spells.
Your spell library was empty.

Dungeon Overview and Level Annotations

Branches:
Dungeon (4/15)              Sewer (visited)
 Temple: D:4-7

Altars:
Nemelex Xobeh
Qazlal
Sif Muna
Uskayaw
Xom
The Shining One

Annotations:
D:3 2 transporters, Richi's ghost, amateur MfGl


Innate Abilities, Weirdness & Mutations

You can be seen from farther away. (+LOS)
You can swim through water.
You cover ground slowly.
You can hop short distances.


Message History

An orc, 3 orc priests and an orc wizard come into view.
The orc priest shouts!
The orc wizard shouts!
The orc priest shouts!
The orc wizard gestures wildly while chanting.
The orc wizard flickers and vanishes!
Deactivating autopickup; reactivate with Ctrl-A.
The orc priest invokes the aid of Beogh against you.
Beogh smites you!
Found 11 gold pieces.
The orc priest invokes the aid of Beogh against you.
Beogh smites you!
The orc priest invokes the aid of Beogh against you.
Beogh smites you!
* * * LOW HITPOINT WARNING * * *
Unknown command.
The orc priest mumbles some strange prayers to Beogh against you.
Beogh smites you!
* * * LOW HITPOINT WARNING * * *
The orc priest invokes the aid of Beogh against you.
Beogh smites you!
You die...

.......#.....)...#.....#
.......#.........# o...#
.).....#.........# ..o#
.......#.........####'####
.......#............o....#
.......#.................#
.......#.[...............#
.......#.................#
.....).'.......<@........#
########.........#########
#.........+ #.........#
#.........# +.........#
#.........+
########.........#
.......#..>......#


You could see 2 orc priests.

Vanquished Creatures
  3 ogres
  A scorpion (D:4)
  2 hounds (D:4)
  2 orc wizards (D:4)
  Terence (D:3)
  2 worker ants (D:4)
  A worker ant zombie (D:4)
  3 gnolls
  3 adders
  A river rat (D:3)
  2 oozes (D:3)
  2 worms (D:3)
  3 dart slugs
  3 leopard geckos
  8 orcs
  3 ball pythons
  6 giant cockroaches
  7 goblins
  4 hobgoblins
  5 jackals
  3 quokkas
  4 bats
  12 frilled lizards
  5 kobolds
  21 rats
107 creatures vanquished.

Notes
Turn   | Place    | Note
-------+----------+-------------------------------------------
     0 | D:1      | thecaretaker the Barachi Fighter began the quest for the
                  | Orb.
     0 | D:1      | Reached XP level 1. HP: 18/18 MP: 1/1
    46 | D:1      | Reached skill level 3 in Long Blades
    85 | D:1      | Reached XP level 2. HP: 24/24 MP: 2/2
   304 | D:1      | Reached skill level 4 in Long Blades
   351 | D:1      | You fall into a shaft and drop 1 floor!
   361 | D:2      | Found a stormy altar of Qazlal.
   377 | D:2      | Reached XP level 3. HP: 20/29 MP: 3/3
   522 | D:2      | Found a hide-covered altar of Uskayaw.
  1842 | D:3      | Reached skill level 5 in Long Blades
  1843 | D:3      | Reached XP level 4. HP: 33/36 MP: 4/4
  1915 | D:3      | Found a sparkling altar of Nemelex Xobeh.
  1958 | D:3      | Found a transporter.
  1961 | D:3      | Noticed Richi's ghost (amateur MfGl)
  1965 | D:3      | Noticed an ogre
  2101 | D:3      | Noticed Terence
  2128 | D:3      | Killed Terence
  2255 | D:3      | Found a transporter.
  2319 | D:3      | Found a glowing drain.
  2326 | Sewer    | Entered a sewer
  2369 | Sewer    | Reached skill level 6 in Long Blades
  2369 | Sewer    | Reached XP level 5. HP: 41/41 MP: 5/5
  2848 | D:3      | Found a glowing golden altar of the Shining One.
  2873 | D:3      | Killed an ogre
  2873 | D:3      | Reached skill level 7 in Long Blades
  2873 | D:3      | Reached XP level 6. HP: 37/47 MP: 6/6
  3000 | D:3      | Found a shimmering blue altar of Sif Muna.
  3115 | D:3      | Found a shimmering altar of Xom.
  3334 | D:4      | Reached skill level 8 in Long Blades
  3574 | D:4      | Reached XP level 7. HP: 5/55 MP: 7/7
  3858 | D:4      | Reached skill level 5 in Fighting
  4123 | D:4      | Killed from afar by an orc priest

Illustrated notes

Levels and vault maps discovered:
D:1:      beargit_arrival_greenhouse, layout_loops_ring
D:2:      layout_basic, old_standard_altar, grunt_qazlal_clouds
D:3:      layout_rooms, tso_altar, lemuel_crystal_altar,
          nicolae_overflow_crystal_walls, gammafunk_ghost_arena,
          gup_sewer_entry_bubbles, xom_teletrap_fun, uniq_terence
D:4:      layout_gridville, vehumet_statue, first_ration

Skill      XL: |  1  2  3  4  5  6  7 |
---------------+----------------------+-----
Long Blades    | 3 4 5 6 7 8 |  8.5
Fighting       | 4 5 |  5.2
Shields        | 4 |  4.5
Armour         | |  3.6

Action                   |  1- 3 |  4- 6 |  7- 9 || total
-------------------------+-------+-------+-------++-------
Melee: Long sword        |   133 |   203 |    35 ||   371
 Abil: Hop               |       |     1 |       ||     1
Evoke: Wand              |       |     2 |     2 ||     4
  Use: Scroll            |       |     3 |       ||     3
  Eat: Chunk             |     2 |     8 |     2 ||    12
Armor: Scale mail        |    54 |    96 |    20 ||   170
Dodge: Dodged            |    38 |    74 |    12 ||   124
Block: Kite shield       |    57 |   101 |    18 ||   176
       Rpst.: Long sword |    15 |    24 |     2 ||    41
